 Dungeon Crawl Stone Soup version 0.28-a0-479-g5baa6b73be (webtiles) character file.

Game seed: 6427005130995156679

1808 nikku the Cleaver (level 8, -5/75 HPs)
             Began as a Minotaur Berserker on Sept 17, 2021.
             Was an Elder of Trog.
             Slain by a gnoll sergeant (9 damage)
             ... on level 6 of the Dungeon.
             The game lasted 00:09:59 (4856 turns).

nikku the Cleaver (Minotaur Berserker)              Turns: 4856, Time: 00:10:00

Health: -5/75      AC:  6    Str: 23    XL:     8   Next: 84%
Magic:  7/7        EV: 12    Int:  4    God:    Trog [****..]
Gold:   272        SH:  0    Dex: 11    Spells: 7/7 levels left

rFire   . . .      SeeInvis .   a - +0 hand axe (elec)
rCold   . . .      Faith    .   (no shield)
rNeg    . . .      Spirit   .   e - +0 steam dragon scales
rPois   .          Reflect  .   (helmet restricted)
rElec   .          Harm     .   (no cloak)
rCorr   +          Rampage  .   (no gloves)
Will    ++...                   (no boots)
Stlth   +.........              (no amulet)
HPRegen 1.22/turn               f - ring of resist corrosion
MPRegen 0.10/turn               (no ring)

@: lethally poisoned (-5 -> -24), strong-willed, regenerating
A: horns 2, retaliatory headbutt
a: Renounce Religion, Berserk, Trog's Hand, Brothers in Arms


You were on level 6 of the Dungeon.
You worshipped Trog.
Trog was greatly pleased with you.
You visited 1 branch of the dungeon, and saw 6 of its levels.
You also visited: Sewer.

You collected 272 gold pieces.

Inventory:

Hand Weapons
 a - a +0 hand axe of electrocution (weapon)
Armour
 e - +0 steam dragon scales (worn)
Jewellery
 f - a ring of resist corrosion (left hand)
Wands
 i - a wand of flame (16)
Scrolls
 g - 2 scrolls of fear
 k - 4 scrolls of teleportation
 m - a scroll of enchant weapon {unknown}
 q - a scroll of fog
Potions
 b - a potion of flight {unknown}
 c - 4 potions of haste
 d - a potion of ambrosia {unknown}
 h - 4 potions of curing
 j - 2 potions of invisibility
 l - 2 potions of heal wounds {unknown}
 n - 3 potions of mutation {unknown}
 o - 3 potions of magic {unknown}
 p - 2 potions of brilliance {unknown}
 r - a potion of might {unknown}


   Skills:
 + Level 8.7 Fighting
 + Level 8.7 Axes
 + Level 8.3 Armour
 - Level 2.1 Dodging


You had 7 spell levels left.
You didn't know any spells.
Your spell library was empty.

Dungeon Overview and Level Annotations

Branches:
Dungeon (6/15)             Temple (0/1) D:5           Sewer (visited)

Altars:


Innate Abilities, Weirdness & Mutations

You have a pair of horns on your head.
You reflexively headbutt those who attack you in melee.


Message History

The gnoll sergeant hits you from afar with a +1 trident of venom.
You are poisoned.
The gnoll barely misses you.
You slash the gnoll! Lightning courses through the gnoll!!
You kill the gnoll!
Trog accepts your kill.
You feel very sick.
The gnoll sergeant hits you from afar with a +1 trident of venom.
You are more poisoned.
You feel very sick.
The gnoll sergeant completely misses you.
Things that are here:
a +0 halberd; a gnoll corpse The gnoll sergeant blocks your attack.
You barely miss the gnoll.
You feel very sick. The gnoll completely misses you. x2
The gnoll sergeant hits you with a +1 trident of venom.
You are more poisoned.
You hit the gnoll sergeant.
The gnoll sergeant is lightly wounded.
You hit the gnoll.
You feel very sick.
The gnoll hits you from afar with a +0 halberd!
The gnoll hits you but does no damage. The gnoll sergeant barely misses you.
You are too injured to fight recklessly!
You are too injured to fight recklessly!
Your skin crawls.
You feel strong-willed.
You feel very sick. The gnoll misses you. The gnoll barely misses you.
You furiously retaliate!
You headbutt the gnoll!
You kill the gnoll!
Trog accepts your kill.
The gnoll sergeant hits you with a +1 trident of venom!
* * * LOW HITPOINT WARNING * * *
You are lethally poisoned!
* * * LOW HITPOINT WARNING * * *
You feel extremely sick.
The gnoll sergeant hits you from afar with a +1 trident of venom!
You die...

........##.. .........
........#... ###....#..
............####.....###.
.........#....##.........
#........# #..##........#
##....... #......)###..#
#.....gg#####..#..## ####
..>...))##.##...#.#
.....#.)@......#### ...
##...##.### # ########


You could see a gnoll sergeant and a gnoll.

Vanquished Creatures
  Maggie (D:6)
  Sigmund (D:3)
  An ice beast (D:5)
  3 necrophages
  A phantom (D:5)
  4 kobold brigands (Sewer)
  A scorpion (D:5)
  A wyvern skeleton (D:6)
  A water moccasin skeleton (D:6)
  A gnoll shaman (D:5)
  2 hounds (D:5)
  An iguana (D:4)
  A jelly (D:5)
  9 gnolls
  10 adders
  3 river rats (Sewer)
  2 white imps
  A worm (D:3)
  7 dart slugs
  4 orcs
  13 ball pythons
  5 endoplasms
  3 giant cockroaches (D:1)
  6 goblins
  10 hobgoblins
  14 jackals
  5 quokkas
  7 bats
  5 frilled lizards
  19 kobolds
  26 rats
168 creatures vanquished.

Notes
Turn   | Place    | Note
-------+----------+-------------------------------------------
     0 | D:1      | nikku the Minotaur Berserker began the quest for the Orb.
     0 | D:1      | Reached XP level 1. HP: 19/19 MP: 0/0
   299 | D:1      | Reached XP level 2. HP: 18/27 MP: 1/1
   808 | D:1      | Reached ** piety under Trog
   809 | D:1      | Reached XP level 3. HP: 31/33 MP: 2/2
  1029 | D:1      | Found a faded altar of an unknown god.
  1626 | D:2      | Reached XP level 4. HP: 41/41 MP: 3/3
  2335 | D:3      | Reached *** piety under Trog
  2573 | D:3      | Noticed Sigmund
  2579 | D:3      | Killed Sigmund
  2580 | D:3      | Reached skill level 5 in Fighting
  2580 | D:3      | Reached skill level 5 in Axes
  2580 | D:3      | Reached XP level 5. HP: 48/48 MP: 4/4
  2580 | D:3      | Reached XP level 6. HP: 56/56 MP: 5/5
  2736 | D:4      | Reached skill level 5 in Armour
  2801 | D:4      | You fall into a shaft and drop 1 floor!
  2801 | D:5      | Entered Level 5 of the Dungeon
  3091 | D:4      | Found a glowing drain.
  3101 | Sewer    | Entered a sewer
  3296 | Sewer    | Reached XP level 7. HP: 49/64 MP: 6/6
  3465 | Sewer    | Reached **** piety under Trog
  3838 | D:5      | Found a staircase to the Ecumenical Temple.
  4214 | D:5      | Reached XP level 8. HP: 66/73 MP: 7/7
  4408 | D:6      | Noticed Maggie
  4417 | D:6      | Killed Maggie
  4856 | D:6      | Slain by a gnoll sergeant

Illustrated notes

Levels and vault maps discovered:
D:1:      ncdulo_wetmaze, layout_loops_ring, ebering_ecumenical_altar_webs
D:2:      layout_basic, wander_ebering_terrifying_dragon_lair
D:3:      layout_rooms, minmay_misc_feat_five, st_stairs_11, uniq_sigmund
D:4:      layout_basic, portal_sewer_entry_d
D:5:      layout_basic, minmay_temple_entry_arrows
D:6:      layout_cave_pools, uniq_maggie

Skill      XL: |  1  2  3  4  5  6  7  8 |
---------------+-------------------------+-----
Fighting       | 4 5 6 7 8 |  8.7
Axes           | 4 5 6 7 8 |  8.7
Armour         | 3 4 5 7 8 |  8.3
Dodging        | |  2.1

Action                   |  1- 3 |  4- 6 |  7- 9 || total
-------------------------+-------+-------+-------++-------
Melee: Hand axe          |    77 |    93 |   116 ||   286
       Headbutt          |    11 |    16 |    17 ||    44
Invok: Trog's Hand       |       |     1 |     3 ||     4
       Berserk           |       |     1 |     2 ||     3
  Use: Scroll            |     4 |     4 |     4 ||    12
 Stab: Sleeping          |     1 |       |       ||     1
Armor: Animal skin       |    10 |     5 |       ||    15
       Leather armour    |       |     4 |       ||     4
       Ring mail         |       |    15 |    17 ||    32
       Steam dragon scal |       |       |     6 ||     6
Dodge: Dodged            |    54 |    68 |    69 ||   191

Table legend: (Time is in decaauts)
 A = Elapsed time spent in this place.
 B = Non-inter-level travel time spent in this place.
 C = Inter-level travel time spent in this place.
 D = Time resting spent in this place.
 E = Time spent auto-exploring this place.
 F = Levels seen in this place.
 G = Mean time per level.
                   A        B        C        D        E       F      G
               +--------+--------+--------+--------+--------+-----+--------+
         Total |   4922 |   4793 |    129 |     40 |   3914 |   7 |  703.1 |
       Dungeon |   4281 |   4152 |    129 |     40 |   3460 |   6 |  713.5 |
         Sewer |    640 |    640 |      0 |      0 |    453 |   1 |  640.0 |
               +--------+--------+--------+--------+--------+-----+--------+

Top non-repeatable levels by time:
     D:1: 1528 daAuts
     D:5: 707 daAuts
     D:2: 674 daAuts
   Sewer: 640 daAuts
     D:3: 560 daAuts
     D:6: 419 daAuts
     D:4: 391 daAuts
